cohdb
Replays
Latest Replays
All Replays
Popular Replays
Top Player Replays
Match Explorer
How It Works
Community
CoH3 Stats
Reddit
Sign in to upload your games and track your stats! →
Sign in with Steam
Match 45389077
Unlisted
Match 45389077
Overview
Messages
Build Orders
End
Kradschützen Motorcycle Team
Selects Battlefield Espionage Battlegroup
Panzergrenadier Squad
Selects Sector Subterfuge Beacon
Panzergrenadier Squad
Panzergrenadier Squad
Construct Light Support Kompanie
Fire Support Elements
Flakvierling Half-track
2.5-tonne Medical Truck
Veteran Squad Leaders
Selects Transfer Depots
Selects Disruption Operation
Pak 38 Anti-tank Gun Team
Panzerjäger Mechanized Group
Disruption Operation
Construct Panzerarmee Kommand
Selects 250/3 Funkpanzerwagen
Panzer III L Medium Tank
Selects Advanced Ambush Training
Advanced Field Repairs
Panzer III L Medium Tank
Selects Operation Skorpion
Disruption Operation
250/3 Funkpanzerwagen
Disruption Operation
Armored Reserves
Tiger Heavy Tank
Disruption Operation
Vehicle Survival Package
Tungsten Core Ammunition
Rapid Advance
Disruption Operation
Emergency Repair Kits
StuG Assault Group
Disruption Operation
Operation Skorpion
Disruption Operation
Stormless
Yeknod
The_Jonny_Boy94
holybutters
0
0
Comments
sign in to comment!
No comments posted yet!